 Dungeon Crawl Stone Soup version 0.19-a0-1773-gaa448fe (webtiles) character file.

3680 zxpr0jk the Frost Mage (level 9, -1/62 HPs)
             Began as a White Draconian Ice Elementalist on Oct 12, 2016.
             Was a High Priest of Wudzu.
             Killed from afar by Pikel (4 damage)
             ... with a wand of lightning
             ... on level 9 of the Dungeon.
             The game lasted 00:15:00 (7304 turns).

zxpr0jk the Frost Mage (DrIE)                       Turns: 7304, Time: 00:15:01

Health: -1/62      AC: 25    Str: 10    XL:     9   Next: 90%
Magic:  17/20      EV: 12    Int: 16    God:    Wudzu [*****.]
Gold:   692        SH:  0    Dex: 15    Spells: 5 memorised, 10 levels left

rFire  . . .     SeeInvis .     h - +2 hand axe (elec)
rCold  + . .     Gourm    .     (armour unavailable)
rNeg   . . .     Faith    .     (no shield)
rPois  .         Spirit   .     (helmet restricted)
rElec  .         Dismiss  +     y - +1 cloak
rCorr  +         Reflect  .     (gloves unavailable)
MR     .....     Harm     .     (boots unavailable)
Stlth  ++........               w - amulet of dismissal
                                J - ring of resist corrosion
                                l - ring of wizardry

@: icy armour, appendage, drained, slow
A: breathe frost, unfitting armour, talons 3, cold resistance 1, cold-blooded,
AC +7
a: Breathe Frost, End Transformation, Summon Vines, Briar Patch, Renounce
Religion


You were on level 9 of the Dungeon.
You worshipped Wudzu.
Wudzu was extremely pleased with you.
You were not hungry.
You had grown temporary talons.
You visited 1 branch of the dungeon, and saw 9 of its levels.
You also visited: Ossuary.

You collected 692 gold pieces.

Inventory:

Hand Weapons
 h - a +2 hand axe of electrocution (weapon)
 o - a +0 hand crossbow
 B - a +0 lajatang
Missiles
 I - 64 bolts (quivered)
Armour
 y - a +1 cloak (worn)
 z - a +0 buckler
Jewellery
 e - a +6 ring of evasion {unknown}
 l - a ring of wizardry (left hand)
 n - an uncursed ring of stealth
 w - an amulet of dismissal (around neck)
 J - a ring of resist corrosion (right hand)
 K - an uncursed ring of positive energy {unknown}
Wands
 r - a wand of hasting (3/9)
 t - a wand of digging (15/24)
 C - a wand of flame (28/48)
Scrolls
 d - 6 scrolls of identify {unknown}
 f - a scroll of blinking {unknown}
 g - 2 scrolls of recharging {unknown}
 j - 3 scrolls of fog {unknown}
 k - 2 scrolls of noise {unknown}
 m - a scroll of random uselessness {unknown}
 s - 2 scrolls of amnesia {unknown}
 E - a scroll of remove curse {unknown}
 L - a scroll of teleportation {unknown}
 N - a scroll of enchant weapon {unknown}
 P - a scroll of enchant armour {unknown}
 Q - a scroll of immolation {unknown}
Potions
 c - 4 potions of flight
 i - 3 potions of degeneration
 p - a potion of haste {unknown}
 q - a potion of magic {unknown}
 v - a potion of heal wounds {unknown}
 x - 3 potions of mutation {unknown}
 A - 2 potions of might {unknown}
 F - a potion of lignification {unknown}
 M - 2 potions of experience {unknown}
 O - 3 potions of berserk rage {unknown}
 R - a potion of cancellation {unknown}
 S - 2 potions of brilliance {unknown}
 T - 2 potions of curing
Books
 a - a book of Frost

   Spells                             Type                      Level
   a - Freeze                         Ice                          1
   b - Throw Frost                    Conjuration/Ice              2
   c - Ozocubu's Armour               Charms/Ice                   3
   d - Throw Icicle                   Conjuration/Ice              4
   e - Summon Ice Beast               Ice/Summoning                4
 D - a book of Changes

   Spells                             Type                      Level
   a - Beastly Appendage              Transmutation                1
   b - Sticks to Snakes               Transmutation                2
   c - Spider Form                    Transmutation/Poison         3
   d - Ice Form                       Ice/Transmutation            4
   e - Blade Hands                    Transmutation                5
Comestibles
 b - 7 bread rations
 u - 3 beef jerkies
 G - a meat ration
 H - 5 chunks of flesh


   Skills:
 - Level 1.7(1.6) Dodging
 - Level 1.7(1.6) Stealth
 + Level 7.7(7.5) Spellcasting
   Level 1.0(0.8) Conjurations
 * Level 13.8(13.6) Ice Magic


You had 10 spell levels left.
You knew the following spells:

 Your Spells              Type           Power        Failure   Level  Hunger
a - Freeze                Ice            ####         1%          1    None
b - Ozocubu's Armour      Chrm/Ice       ####....     1%          3    ##.....
c - Beastly Appendage     Tmut           #.....       6%          1    None
d - Summon Ice Beast      Ice/Summ       ####....     4%          4    ####...
e - Ice Form              Ice/Tmut       ####....     4%          4    ####...


Dungeon Overview and Level Annotations

Branches:
Dungeon (9/15)             Temple (0/1) D:6
   Lair: D:8-11         Orc: D:9-12

Altars:
Ashenzari
Dithmenos
Hepliaklqana
Nemelex Xobeh
Okawaru
Qazlal
Vehumet Wudzu

Shops:
D:5 *   D:6 :   D:8 :

Annotations:
D:9 Pikel


Innate Abilities, Weirdness & Mutations

You can breathe waves of freezing cold.
You can buffet flying creatures when you breathe cold.
Your icy white scales are hard. (AC +7)
You cannot fit into any form of body armour.
Your flesh is cold resistant. (rC+)
You are cold-blooded and may be slowed by cold attacks.
You have claws for feet.


Message History

* * * LOW HITPOINT WARNING * * *
It is a wand of lightning.
You are too injured to fight recklessly!
Unknown command.
You are too injured to fight recklessly!
Unknown command.
You hit Pikel. Your kick misses Pikel.
Pikel is moderately wounded.
You hit the slave but do no damage. x2; The slave is poisoned.
The slave hits you.
* * * LOW HITPOINT WARNING * * *
The slave hits you but does no damage.
Pikel zaps a wand.
The bolt of lightning misses you. The slave is struck by your spines.
The slave hits you.
* * * LOW HITPOINT WARNING * * *
You closely miss Pikel.
Pikel is moderately wounded.
You closely miss the slave. You barely miss the slave.
Pikel zaps a wand.
The bolt of lightning hits you!
You die... ######### #.......# #.#####@# #.# #ppK#

#.#
#..p...
#.#
##...#.#
#.#
##.##...
###.#
### ###
#...#
#.###
#.###


You could see Pikel and 3 slaves.

Vanquished Creatures
  2 trolls (D:9)
  2 black bears
  2 orc warriors (D:7)
  An ice beast (D:3)
  An ogre (D:4)
  2 big kobolds
  2 elf zombies (Ossuary)
  2 bullfrogs (D:6)
  3 scorpions
  5 wights (D:8)
  3 howler monkeys
  7 crimson imps
  2 centaur zombies (Ossuary)
  A human zombie (Ossuary)
  2 quasits
  2 bullfrog zombies
  5 hounds
  2 jellies
  14 orc wizards
  Crazy Yiuf (D:3)
  A centaur skeleton (D:8)
  4 orc priests
  2 bullfrog skeletons
  3 iguanas
  4 worker ants
  A hound skeleton (D:8)
  3 mummies (Ossuary)
  7 gnolls
  6 adders
  2 oozes (D:2)
  6 adder zombies (Ossuary)
  3 worms
  3 dart slugs
  2 leopard geckos
  40 orcs
  2 ball pythons (D:3)
  9 bats
  A giant cockroach (D:1)
  2 gnoll zombies (Ossuary)
  6 goblins
  3 hobgoblins
  16 jackals
  A quokka (D:7)
  2 frilled lizards
  5 goblin zombies
  A hobgoblin zombie (Ossuary)
  4 jackal zombies (Ossuary)
  15 kobolds
  7 kobold zombies (Ossuary)
  2 orc zombies (Ossuary)
  2 quokka skeletons
  5 quokka zombies
  7 rats
  2 rat zombies (Ossuary)
240 creatures vanquished.

Vanquished Creatures (others)
  An ice beast (D:5)
  A bullfrog zombie (D:5)
2 creatures vanquished.

Grand Total: 242 creatures vanquished

Notes
Turn   | Place    | Note
-------+----------+-------------------------------------------
     0 | D:1      | zxpr0jk the Draconian Ice Elementalist began the quest for the Orb.
     0 | D:1      | Reached XP level 1. HP: 14/14 MP: 3/3
   199 | D:1      | Reached XP level 2. HP: 2/20 MP: 1/5
  1001 | D:2      | Reached XP level 3. HP: 18/26 MP: 6/6
  1072 | D:2      | Learned a level 3 spell: Ozocubu's Armour
  1283 | D:2      | Reached skill level 4 in Ice Magic
  1376 | D:2      | Found an overgrown altar of Wudzu.
  1389 | D:2      | Became a worshipper of Wudzu the Untamed
  1428 | D:2      | Found a shadowy altar of Dithmenos.
  1508 | D:2      | Reached XP level 4. HP: 25/33 MP: 6/8
  1727 | D:3      | Noticed an ice beast
  1733 | D:3      | Killed an ice beast
  1733 | D:3      | Reached skill level 5 in Ice Magic
  1733 | D:3      | Reached XP level 5. HP: 28/38 MP: 9/9
  1859 | D:3      | Found a stormy altar of Qazlal.
  1936 | D:3      | Found a runed door.
  2107 | D:3      | Noticed Crazy Yiuf
  2112 | D:3      | Killed Crazy Yiuf
  2207 | D:4      | Reached XP level 6. HP: 33/45 MP: 11/11
  2229 | D:4      | Reached skill level 6 in Ice Magic
  2233 | D:4      | Found an iron altar of Okawaru.
  2295 | D:4      | Reached * piety under Wudzu
  2904 | D:4      | Your scales start taking on an icy white colour.
  2904 | D:4      | Reached skill level 8 in Ice Magic
  2904 | D:4      | Reached XP level 7. HP: 42/50 MP: 9/13
  2904 | D:4      | Gained mutation: Your flesh is cold resistant. (rC+) [White Draconian growth]
  3001 | D:5      | Entered Level 5 of the Dungeon
  3002 | D:5      | Found a radiant altar of Vehumet.
  3160 | D:5      | Reached ** piety under Wudzu
  3258 | D:5      | Reached skill level 9 in Ice Magic
  3268 | D:5      | Reached skill level 5 in Spellcasting
  3303 | D:5      | Found Jasobof's General Store.
  3659 | D:6      | Reached XP level 8. HP: 55/57 MP: 15/15
  3767 | D:6      | Reached skill level 10 in Ice Magic
  3785 | D:6      | Found a staircase to the Ecumenical Temple.
  3863 | D:6      | Found a shadowy altar of Dithmenos.
  4201 | D:6      | Found Iclaguk's Book Shop.
  4218 | D:6      | Reached skill level 11 in Ice Magic
  4546 | D:7      | Found a sand-covered staircase.
  4581 | Ossuary  | Entered an ossuary
  4616 | Ossuary  | Reached *** piety under Wudzu
  4766 | Ossuary  | Reached **** piety under Wudzu
  4942 | D:7      | Reached XP level 9. HP: 62/62 MP: 18/18
  5173 | D:7      | Reached skill level 12 in Ice Magic
  5212 | D:7      | Found a sparkling altar of Nemelex Xobeh.
  6313 | D:8      | Found Jongika's Book Emporium.
  6734 | D:8      | Found a hazy altar of Hepliaklqana.
  6770 | D:8      | Reached ***** piety under Wudzu
  6770 | D:8      | Reached skill level 13 in Ice Magic
  6787 | D:8      | HP: 3/62 [wight/enchanted spear (7)]
  7157 | D:9      | Noticed a troll
  7166 | D:9      | Killed a troll
  7172 | D:9      | Learned a level 1 spell: Beastly Appendage
  7177 | D:9      | Learned a level 4 spell: Summon Ice Beast
  7182 | D:9      | Learned a level 4 spell: Ice Form
  7203 | D:9      | Found a shattered altar of Ashenzari.
  7213 | D:9      | Noticed a troll
  7224 | D:9      | Killed a troll
  7299 | D:9      | Noticed Pikel
  7303 | D:9      | HP: 2/62 [slave[Pikel] (6)]
  7304 | D:9      | Killed from afar by Pikel

Vault maps used:
D:1:      dpeg_arrival_arbitrary_b
D:2:      kennysheep_big_flooded_room, overflow_temple_1_default,
          lemuel_round_altar, first_bread
D:3:      nicolae_qazlal_general_emergency, minivault_26,
          uniq_crazy_yiuf_cottage
D:4:      st_stairs_8, okawaru_gym_becter
D:5:      vehumet_altar_wand_db, serial_shops, shop_statue, lemuel_flame_loot_1
D:6:      serial_shops, nicolae_shop_waterfront, kennysheep_cross_room,
          nicolae_dithmenos_shadow_blocks
D:7:      nemelex_xobeh_ov_fountains_minmay, enter_ossuary_4
D:8:      lemuel_coloured_pillars_altar, serial_shops, shop
D:9:      zin_purify, dpeg_lair_monsters, basic_altar, uniq_pikel, uniq_grum,
          uniq_erica
Ossuary:  minmay_ossuary_two_tombs

Skill      XL: |  1  2  3  4  5  6  7  8  9 |
---------------+----------------------------+-----
Ice Magic      | 4 5 8 9 11 13 | 13.8
Spellcasting   | 3 4 5 6 7 |  7.7
Dodging        | |  1.7
Stealth        | |  1.7
Conjurations   | |  1.0

Action                   |  1- 3 |  4- 6 |  7- 9 || total
-------------------------+-------+-------+-------++-------
Melee: Unarmed           |    10 |       |       ||    10
       Whip              |     3 |       |       ||     3
       Hand axe          |    69 |    91 |   320 ||   480
       Tailslap          |     3 |     2 |    31 ||    36
       Kick              |       |       |     3 ||     3
Throw: Stone             |     1 |     3 |       ||     4
 Cast: Freeze            |    11 |       |       ||    11
       Ozocubu's Armour  |       |     5 |    10 ||    15
       Beastly Appendage |       |       |     2 ||     2
Invok: Vestment of Thorn |       |       |     1 ||     1
       Regalia of Thorns |       |       |     1 ||     1
 Abil: Breathe Frost     |       |       |     1 ||     1
  Use: Potion            |       |     3 |     1 ||     4
 Stab: Sleeping          |     2 |       |     5 ||     7
       Distracted        |       |       |     1 ||     1
  Eat: Chunk             |     1 |     5 |    12 ||    18
       Beef jerky        |       |     1 |       ||     1
       Fruit             |       |       |     8 ||     8
Armor: Skin              |    35 |    35 |   215 ||   285
Dodge: Dodged            |    70 |    67 |   240 ||   377
